 Dungeon Crawl Stone Soup version 0.24.0-1-gfbc8707122 (webtiles) character file.

Game seed: 14843047334988213398, levelgen mode: deterministic

30116 Monsterracer the Destroyer (level 13, -10/99 HPs)
             Began as a Pale Draconian Conjurer on Oct 26, 2019.
             Was a High Priest of Hepliaklqana.
             Mangled by a spiny frog (23 damage)
             ... on level 6 of the Lair of Beasts.
             The game lasted 00:38:52 (17734 turns).

Monsterracer the Destroyer (DrCj)                  Turns: 17734, Time: 00:38:52

Health: -10/99     AC: 10    Str: 10    XL:     13   Next: 18%
Magic:  2/25       EV: 20    Int: 21    God:    Hepliaklqana [*****.]
Gold:   994        SH:  0    Dex: 27    Spells: 10/29 levels left

rFire    . . .     SeeInvis +   a - +1 long sword of War {elec, Dex+9 SInv}
rCold    . . .     Gourm    .   (no shield)
rNeg     . . .     Faith    .   (armour unavailable)
rPois    .         Spirit   .   (helmet restricted)
rElec    .         Reflect  .   s - +0 cloak
rCorr    .         Harm     .   (no gloves)
MR       +....                  w - +0 pair of boots
Stlth    +++.......             A - amulet of regeneration
HPRegen  0.66/turn              u - +6 ring of dexterity
MPRegen  0.19/turn              M - ring of protection from magic

@: lethally poisoned (-10 -> -10)
A: breathe steam, unfitting armour, reduced essence, cold-blooded, AC +8
a: Breathe Steam, Recall Ancestor, Ancestor Identity, Transference, Idealise,
Renounce Religion


You were on level 6 of the Lair of Beasts.
You worshipped Hepliaklqana.
Hepliaklqana was extremely pleased with you.
You were not hungry.

You visited 3 branches of the dungeon, and saw 16 of its levels.

You collected 994 gold pieces.

Inventory:

Hand Weapons
 a - the +1 long sword of War (weapon) {elec, Dex+9 SInv}
   (You found it on level 9 of the Dungeon)

   Occasionally, upon striking a foe, it will discharge some electrical energy
   and cause terrible harm.
   It affects your dexterity (+9).
   It lets you see invisible.
 b - a +0 trident
   (You took it off an orc on level 4 of the Dungeon)
Missiles
 y - a throwing net (quivered) {!f}
Armour
 s - a +0 cloak (worn)
   (You found it on level 4 of the Dungeon)
 w - a +0 pair of boots (worn)
   (You found it on level 4 of the Dungeon)
Jewellery
 i - an uncursed ring of magical power
   (You found it on level 7 of the Dungeon)
 u - a +6 ring of dexterity (left hand)
   (You found it on level 5 of the Dungeon)
 A - an amulet of regeneration (around neck)
   (You found it on level 9 of the Dungeon)
 M - a ring of protection from magic (right hand)
   (You found it on level 6 of the Dungeon)
 S - an uncursed ring of see invisible
   (You found it on level 8 of the Dungeon)
Wands
 k - a wand of enslavement (12)
   (You found it on level 1 of the Dungeon)
 z - a wand of acid (10)
   (You found it on level 8 of the Dungeon)
 B - a wand of iceblast (7)
   (You found it on level 2 of the Lair of Beasts)
 D - a wand of paralysis (11)
   (You found it on level 2 of the Lair of Beasts)
Scrolls
 f - 4 scrolls of identify
 m - 2 scrolls of magic mapping
 o - 6 scrolls of amnesia
 p - 3 scrolls of enchant weapon
 r - 10 scrolls of remove curse
 t - 10 scrolls of teleportation {!r}
 F - a scroll of fear {!r}
 X - a scroll of blinking
Potions
 d - 4 potions of heal wounds
 e - 2 potions of curing
 g - 3 potions of agility
 h - a potion of haste
 j - a potion of might
 l - 3 potions of cancellation
 n - 2 potions of invisibility
 q - 2 potions of lignification
 v - a potion of flight
 x - a potion of magic
 E - a potion of ambrosia {!q}
Miscellaneous
 C - a phial of floods
   (You found it on level 1 of the Lair of Beasts)
Comestibles
 c - 37 rations


   Skills:
 + Level 9.1 Fighting
 + Level 6.0 Long Blades
 - Level 4.0 Polearms
 + Level 7.3 Dodging
 - Level 1.7 Stealth
 + Level 8.9 Spellcasting
 - Level 10.0 Conjurations
 - Level 5.0 Hexes
 - Level 5.0 Translocations
 + Level 8.4 Invocations
 + Level 7.6 Evocations


You had 10 spell levels left.
You knew the following spells:

 Your Spells              Type           Power        Failure   Level  Hunger
a - Magic Dart            Conj           ####         1%          1    None
b - Searing Ray           Conj           ######       1%          2    None
c - Fulminant Prism       Conj/Hex       #####.....   3%          4    ###....
d - Force Lance           Conj/Tloc      #####...     3%          4    ###....
e - Confusing Touch       Hex            ####..       1%          1    None
y - Deflect Missiles      Chrm/Air       #.........   100%        6    ######.
z - Apportation           Tloc           ####..       1%          1    None

Your spell library contained the following spells:

 Spells                   Type           Power        Failure   Level  Hunger
 Dazzling Spray           Conj/Hex       #####.       1%          3    None
 Iskenderun's Mystic Bla  Conj           ######..     1%          4    ###....
 Animate Skeleton         Necr           N/A          8%          1    None
 Summon Small Mammal      Summ           #...         8%          1    None
 Cause Fear               Hex            ####......   9%          4    ###....
 Silence                  Hex/Air        ###.......   58%         5    #####..
 Yara's Violent Unravell  Hex/Tmut       ###.......   58%         5    #####..
 Discord                  Hex            ####......   100%        8    #######


Dungeon Overview and Level Annotations

Branches:
Dungeon (9/15)             Temple (1/1) D:4            Lair (6/6) D:9
 Shoals (0/4) Lair:2        Slime (0/5) Lair:5          Orc (0/2) D:9
  Snake: Lair:2-4    Spider: Lair:2-4

Altars:
Ashenzari
Cheibriados
Dithmenos
Elyvilon
Fedhas
Gozag
Hepliaklqana
Kikubaaqudgha
Makhleb
Nemelex Xobeh
Okawaru
Qazlal
Ru
Sif Muna
Trog
Uskayaw
Vehumet
Xom
Yredelemnul
Zin
The Shining One
Jiyva

Annotations:
Lair:4 Kirke


Innate Abilities, Weirdness & Mutations

You can breathe blasts of scalding, opaque steam.
Your pale cyan-grey scales are hard. (AC +8)
You cannot fit into any form of body armour.
You are cold-blooded and may be slowed by cold attacks.
Your life essence is reduced to manifest your ancestor. (-10% HP)


Message History

You feel sick.
Appia hits the dream sheep with a +0 flail!
Appia blocks the dream sheep's attack.
You feel sick.
Appia blocks the dream sheep's attack.
The dream sheep shake their wool and sparkle.
You feel drowsy...
You fall asleep.
Appia hits the dream sheep with a +0 flail.
You feel sick.
The dream sheep bites Appia!
You feel sick.
Appia hits the dream sheep with a +0 flail.
The dream sheep bites Appia!
You feel sick.
Appia closely misses the dream sheep.
The dream sheep bites Appia.
A spiny frog comes into view.
Appia closely misses the dream sheep.
The dream sheep bites you.
You wake up.
* * * LOW HITPOINT WARNING * * *
The dream sheep barely misses Appia.
Unknown command.
Unknown command.
Casting: Force Lance (safe; 3% risk of failure)
Confirm with . or Enter, or press ? or * to list all spells.
Aiming: Force Lance (safe; 3% risk of failure)
Press: ? - help, Shift-Dir - straight line, f - dream sheep
Aim: a dream sheep
Okay, then.
Casting: Force Lance (safe; 3% risk of failure)
Confirm with . or Enter, or press ? or * to list all spells.
Aiming: Searing Ray (safe; 1% risk of failure)
Press: ? - help, Shift-Dir - straight line, f - dream sheep
Aim: a dream sheep The searing ray hits the dream sheep.
The dream sheep is lightly wounded. (Press . to maintain the ray.)
You feel sick. The dream sheep barely misses you.
You riposte.
You hit the dream sheep.
You tail-slap the dream sheep, but do no damage.
The dream sheep is moderately wounded.
Appia hits the dream sheep with a +0 flail!
The dream sheep bites Appia.
The searing ray hits the dream sheep.
The dream sheep is heavily wounded.
You feel sick. The dream sheep misses you.
You riposte.
You hit the dream sheep. You tail-slap the dream sheep.
The dream sheep is almost dead.
The dream sheep bites Appia but does no damage.
Appia hits the dream sheep with a +0 flail.
The dream sheep dies!
Your Long Blades skill increases to level 6!
The searing ray hits the dream sheep.
You kill the dream sheep!
What are your orders? t - Shout!
Orders for allies: a - Attack new target. r - Retreat! s - Stop attacking. g - Guard the area. f - Follow me.
Anything else - Cancel.
Gang up on whom?
Press: ? - help, Dir - move target cursor, f - spiny frog
Aim: a spiny frog Attack!
You feel sick.
The spiny frog stings Appia.
Appia hits the spiny frog with a +0 flail!
The spiny frog barely misses Appia.
You feel sick.
The spiny frog barely misses Appia.
Appia hits the spiny frog with a +0 flail.
Appia blocks the spiny frog's attack.
Appia barely misses the spiny frog.
You feel sick.
Appia blocks the spiny frog's attack.
Appia hits the spiny frog with a +0 flail.
The spiny frog barely misses Appia.
The spiny frog stings Appia!!
Appia is destroyed!
Casting: Searing Ray (safe; 1% risk of failure)
Confirm with . or Enter, or press ? or * to list all spells.
Okay, then.
Unknown command.
Unknown command.
Casting: Searing Ray (safe; 1% risk of failure)
Confirm with . or Enter, or press ? or * to list all spells.
Your hands begin to glow red.
You feel sick. The spiny frog closely misses you.
You riposte.
You hit the spiny frog but do no damage.
The spiny frog is moderately wounded.
You barely miss the spiny frog.
The spiny frog is moderately wounded.
The spiny frog stings you!
* * * LOW HITPOINT WARNING * * *
The spiny frog completely misses you.
Unknown command.
You hit the spiny frog but do no damage.
The spiny frog appears confused.
The spiny frog is moderately wounded.
You barely miss the spiny frog. You tail-slap the spiny frog.
The spiny frog is moderately wounded.
You feel sick.
You hit the spiny frog. You tail-slap the spiny frog.
The spiny frog is moderately wounded.
You slash the spiny frog!
Lightning courses through the spiny frog!
The spiny frog is severely wounded.
The spiny frog seems less confused.
The spiny frog stings you!!
You die...

### ##... ##..#..#.
#P.###... #........
#P.....## ##........
###......###.....##..
###......8.........##..
###....8...........####..
..........8........###...
.....8..............PP...
.......†@...8.......).PY.
#......#F†.........##.#..
....................##.#§
......(....††.........Y.*
.........................
.........#P......PP....P§
..........P....#.P ..P..
................ ....
....


You could see a spiny frog.

Vanquished Creatures
  Snorg (Lair:5)
  2 hydras (D:9 Lair:1)
  The ghost of night the Grappler, a novice TrFi of Nemelex Xobeh (D:9)
  A catoblepas (Lair:6)
  An oklob plant (Lair:2)
  4 black mambas (Lair:1 Lair:5 Lair:6)
  4 spiny frogs (Lair:1 Lair:2 Lair:3 Lair:5)
  3 komodo dragons (Lair:1 Lair:3)
  A rime drake (Lair:3)
  A queen bee (Lair:3)
  4 blink frogs (Lair:3)
  6 dream sheep (Lair:6)
  A wyvern (Lair:5)
  19 yaks (Lair:2 Lair:3 Lair:6 Lair:5)
  2 basilisks (Lair:1 Lair:3)
  A hog (Lair:4)
  2 wargs (D:9)
  4 water moccasins (Lair:1 Lair:2 Lair:5)
  8 porcupines (Lair:1 Lair:2 Lair:3 Lair:4 Lair:5)
  A phantom (D:6)
  An orc warrior (D:7)
  A sky beast (D:7)
  15 wolves (Lair:1 Lair:2 Lair:3 Lair:5)
  9 centaurs (D:5 D:6 D:7 D:8 Lair:2)
  6 ogres (D:5 D:6 D:7 D:9)
  3 crocodiles (Lair:3 Lair:4 Lair:6)
  A big kobold (D:9)
  11 bullfrogs (D:6 D:9 Lair:1 Lair:3 Lair:4)
  A gnoll sergeant (D:7)
  39 killer bees (D:7 D:8 D:9 Lair:3)
  A howler monkey (D:4)
  A bullfrog zombie (D:8)
  7 crimson imps (D:5 D:6 D:8)
  2 hounds (D:4)
  A gnoll shaman (D:7)
  5 orc priests (D:4 D:6 D:9)
  Crazy Yiuf (D:6)
  2 centaur skeletons (D:7)
  2 worker ants (D:4 D:5)
  7 orc wizards (D:4 D:6 D:7 D:9)
  Natasha (thrice) (D:4)
  An iguana (D:9)
  A hound zombie (D:7)
  8 knights (D:8 D:9 Lair:1 Lair:2 Lair:3)
  2 worker ant zombies (D:6)
  18 gnolls (D:1 D:5 D:7 D:8)
  12 adders (D:2 D:3 D:4 D:6 D:8)
  4 shadow imps (D:6 D:8 D:9)
  An ooze (D:1)
  An adder zombie (D:5)
  An adder skeleton (D:4)
  7 worms (D:2 D:3)
  2 dart slugs (D:1 D:2)
  2 leopard geckos (D:2 D:9)
  16 orcs (D:3 D:4 D:6 D:7 D:9)
  5 ball pythons (D:2 D:3 Lair:4)
  15 bats (D:1 D:2 Lair:5)
  6 giant cockroaches (D:1 D:3 D:4 D:7)
  8 goblins (D:1 D:2 D:3)
  5 hobgoblins (D:1 D:2)
  12 jackals (D:1 D:3 D:6 D:7)
  13 kobolds (D:1 D:2 D:3 D:9)
  9 quokkas (D:2 D:3 D:4 D:5 D:6)
  4 frilled lizards (D:2 D:4 D:5)
  A jackal zombie (D:5)
  A quokka zombie (D:7)
  8 rats (D:1 D:2)
  A spectral orc (D:7)
  A butterfly (D:4)
  A plant (Lair:2)
352 creatures vanquished.

Vanquished Creatures (collateral kills)
  A hydra (Lair:5)
  Harold (D:9)
  A two-headed ogre (D:9)
  A black mamba (Lair:4)
  4 spiny frogs (Lair:2 Lair:4 Lair:5 Lair:6)
  3 komodo dragons (Lair:2 Lair:3 Lair:5)
  2 rime drakes (Lair:1 Lair:3)
  A polar bear (Lair:5)
  4 hippogriffs (D:7 Lair:1 Lair:5)
  A dream sheep (Lair:6)
  3 yaks (Lair:2)
  2 basilisks (Lair:2)
  2 hungry ghosts (D:7 D:9)
  4 water moccasins (Lair:4 Lair:6)
  A porcupine (Lair:1)
  2 sky beasts (D:7)
  A black bear (Lair:3)
  A phantom (D:7)
  6 wolves (Lair:1 Lair:2 Lair:3)
  A centaur (D:9)
  An ogre (D:8)
  2 crocodiles (Lair:3 Lair:4)
  2 gnoll sergeants (D:7 D:8)
  4 bullfrogs (Lair:1 Lair:2 Lair:5)
  4 killer bees (D:7 D:9 Lair:3)
  3 crimson imps (D:5 D:7 D:9)
  A bullfrog skeleton (D:8)
  3 worker ants (D:7)
  3 gnolls (D:6 D:8)
  An adder (Lair:4)
  A shadow imp (D:8)
  An adder skeleton (D:7)
  6 orcs (D:6 D:9)
  3 jackals (D:6 D:7)
  2 quokkas (D:6 D:7)
  A ball python (Lair:4)
  4 kobolds (D:9)
  A plant (Lair:3)
85 creatures vanquished.

Vanquished Creatures (others)
  8 knights (D:9 Lair:1 Lair:3 Lair:4 Lair:5)
  3 ancestors (D:5 D:6 D:7)
  79 fulminant prisms (D:5 D:6 D:7 D:8 D:9)
  8 fungi (Lair:1 Lair:3 Lair:6)
  5 plants (Lair:3 Lair:4 Lair:6)
103 creatures vanquished.

Grand Total: 540 creatures vanquished

Notes
Turn   | Place    | Note
-------+----------+-------------------------------------------
     0 | D:1      | Monsterracer the Draconian Conjurer began the quest for the
                  | Orb.
     0 | D:1      | Reached XP level 1. HP: 14/14 MP: 3/3
   199 | D:1      | Reached XP level 2. HP: 20/20 MP: 0/5
   213 | D:1      | Learned a level 2 spell: Searing Ray
   484 | D:1      | Reached XP level 3. HP: 26/26 MP: 0/6
  1314 | D:2      | Reached skill level 5 in Conjurations
  1584 | D:2      | Noticed a +0 dagger
  1584 | D:2      | Noticed a +0 hand axe
  1596 | D:2      | Found a hide-covered altar of Uskayaw.
  1658 | D:2      | Reached XP level 4. HP: 31/33 MP: 1/8
  2193 | D:2      | Found a glowing golden altar of the Shining One.
  2854 | D:3      | Learned a level 4 spell: Fulminant Prism
  3130 | D:3      | Reached XP level 5. HP: 38/38 MP: 2/9
  3370 | D:3      | Found a snail-covered altar of Cheibriados.
  3820 | D:4      | Found a stormy altar of Qazlal.
  3867 | D:4      | Reached skill level 6 in Conjurations
  3867 | D:4      | Reached skill level 1 in Hexes
  3873 | D:4      | Noticed Natasha
  3922 | D:4      | Killed Natasha
  4048 | D:4      | Noticed Natasha
  4053 | D:4      | Killed Natasha
  4053 | D:4      | Reached XP level 6. HP: 45/45 MP: 5/11
  4060 | D:4      | Learned a level 4 spell: Force Lance
  4514 | D:4      | Noticed Natasha
  4520 | D:4      | Killed Natasha
  4644 | D:4      | Found a staircase to the Ecumenical Temple.
  4664 | Temple   | Entered the Ecumenical Temple
  4705 | Temple   | Became a worshipper of Hepliaklqana the Forgotten
  5007 | D:5      | Entered Level 5 of the Dungeon
  5080 | D:5      | Reached skill level 7 in Conjurations
  5080 | D:5      | Your scales start taking on a pale cyan-grey colour.
  5080 | D:5      | Reached XP level 7. HP: 45/45 MP: 7/13
  5400 | D:5      | Reached skill level 1 in Fighting
  5436 | D:5      | Found a white marble altar of Elyvilon.
  5501 | D:5      | Found a shimmering altar of Xom.
  5840 | D:5      | Reached XP level 8. HP: 53/54 MP: 10/15
  6013 | D:6      | Reached skill level 8 in Conjurations
  6053 | D:6      | Reached skill level 5 in Spellcasting
  6178 | D:6      | Reached * piety under Hepliaklqana
  7010 | D:6      | Found a runed translucent door.
  7011 | D:6      | Noticed Crazy Yiuf
  7017 | D:6      | Killed Crazy Yiuf
  7244 | D:7      | Found a transporter.
  7244 | D:7      | Found a transporter.
  7290 | D:7      | Reached ** piety under Hepliaklqana
  7291 | D:7      | Remembered your ancestor Appia as a knight
  7323 | D:7      | Reached skill level 1 in Invocations
  7326 | D:7      | Reached skill level 9 in Conjurations
  7327 | D:7      | Reached XP level 9. HP: 62/63 MP: 17/17
  7398 | D:7      | Learned a level 1 spell: Apportation
  7400 | D:7      | Learned a level 1 spell: Confusing Touch
  7422 | D:7      | Found a basalt altar of Yredelemnul.
  7569 | D:7      | Reached skill level 1 in Translocations
  8191 | D:7      | Found a transporter.
  8388 | D:7      | Found a transporter.
  8405 | D:7      | Found a transporter.
  8629 | D:7      | Reached skill level 1 in Polearms
  8875 | D:7      | HP: 31/64 [hippogriff (3)]
  9534 | D:8      | Reached skill level 5 in Hexes
  9726 | D:8      | Reached *** piety under Hepliaklqana
  9729 | D:8      | Reached XP level 10. HP: 72/72 MP: 19/19
  9796 | D:8      | Found a shimmering blue altar of Sif Muna.
  9967 | D:8      | Reached skill level 10 in Conjurations
 10343 | D:9      | Noticed Harold
 10355 | D:9      | Killed Harold
 10355 | D:9      | Reached skill level 5 in Fighting
 10355 | D:9      | Reached skill level 1 in Evocations
 10930 | D:9      | HP: 33/72 [orc priest/divine providence (8)]
 10937 | D:9      | HP: 23/72 [orc priest/divine providence (12)]
 10971 | D:9      | HP: 19/72 [orc priest/divine providence (11)]
 11251 | D:9      | Found a staircase to the Orcish Mines.
 11303 | D:9      | Found a staircase to the Lair.
 11343 | D:9      | Noticed a two-headed ogre
 11352 | D:9      | Killed a two-headed ogre
 11757 | D:9      | Found a runed translucent gate.
 11757 | D:9      | Found a runed translucent gate.
 11757 | D:9      | Found a runed translucent gate.
 11758 | D:9      | Noticed a ten-headed hydra
 11758 | D:9      | Noticed night's ghost (novice TrFi)
 11791 | D:9      | Killed night's ghost
 11791 | D:9      | Killed a ten-headed hydra
 11791 | D:9      | Reached XP level 11. HP: 69/80 MP: 21/21
 11947 | D:9      | Got a twisted long sword
 11948 | D:9      | Identified the +1 long sword of War {elec, Dex+9 SInv} (You
                  | found it on level 9 of the Dungeon)
 12188 | Lair:1   | Entered Level 1 of the Lair of Beasts
 12250 | Lair:1   | Reached skill level 5 in Invocations
 12430 | Lair:1   | Reached skill level 1 in Long Blades
 12432 | Lair:1   | Noticed an eight-headed hydra
 12450 | Lair:1   | Killed an eight-headed hydra
 12538 | Lair:1   | Reached **** piety under Hepliaklqana
 12557 | Lair:1   | Reached skill level 5 in Dodging
 13332 | Lair:2   | Reached skill level 5 in Translocations
 13347 | Lair:2   | Found a staircase to the Shoals.
 13791 | Lair:2   | Noticed an oklob plant
 13809 | Lair:2   | HP: 31/82 [oklob plant/splash of acid (16)]
 13809 | Lair:2   | Killed an oklob plant
 13809 | Lair:2   | Reached skill level 5 in Evocations
 14658 | Lair:3   | Reached XP level 12. HP: 76/90 MP: 21/23
 14867 | Lair:3   | Reached ***** piety under Hepliaklqana
 16207 | Lair:4   | HP: 45/92 [poisoned by a black mamba]
 16212 | Lair:4   | HP: 34/92 [poisoned by a black mamba]
 16217 | Lair:4   | HP: 27/92 [poisoned by a black mamba]
 16222 | Lair:4   | HP: 22/92 [poisoned by a black mamba]
 16227 | Lair:4   | HP: 20/92 [poisoned by a black mamba]
 16233 | Lair:4   | HP: 20/92 [poisoned by a black mamba]
 16238 | Lair:4   | HP: 21/92 [poisoned by a black mamba]
 16244 | Lair:4   | HP: 23/92 [poisoned by a black mamba]
 16252 | Lair:4   | HP: 26/92 [poisoned by a black mamba]
 16282 | Lair:4   | Noticed Kirke
 16292 | Lair:4   | HP: 44/92 [lindwurm[Kirke] (7)]
 16294 | Lair:4   | Reached skill level 5 in Long Blades
 16298 | Lair:4   | HP: 26/92 [lindwurm/blast of flame[Kirke] (18)]
 16312 | Lair:5   | HP: 29/92 [wolf (6)]
 16323 | Lair:5   | Noticed Snorg
 16439 | Lair:5   | Killed Snorg
 16795 | Lair:5   | Found a staircase to the Slime Pits.
 16798 | Lair:5   | Found a viscous altar of Jiyva.
 16801 | Lair:5   | Noticed a five-headed hydra
 16811 | Lair:5   | Killed a five-headed hydra
 16990 | Lair:5   | Identified a scroll of acquirement
 17291 | Lair:6   | Entered Level 6 of the Lair of Beasts
 17449 | Lair:5   | HP: 46/92 [yak (6)]
 17449 | Lair:5   | Reached XP level 13. HP: 42/99 MP: 16/25
 17659 | Lair:6   | Learned a level 6 spell: Deflect Missiles
 17710 | Lair:6   | HP: 28/99 [dream sheep (26)]
 17715 | Lair:6   | HP: 26/99 [poisoned by a spiny frog]
 17720 | Lair:6   | HP: 25/99 [poisoned by a spiny frog]
 17726 | Lair:6   | HP: 26/99 [poisoned by a spiny frog]
 17730 | Lair:6   | HP: 11/99 [spiny frog (16)]
 17734 | Lair:6   | Mangled by a spiny frog

Levels and vault maps discovered:
D:1:      dpeg_arrival_boxorama, layout_basic, kennysheep_small_spiral
D:2:      layout_basic, tso_altar, dancing_weapons_uskayaw
D:3:      layout_basic, overflow_temple_1_default
D:4:      layout_loops_cross, grunt_qazlal_clouds,
          nicolae_overflow_hidden_temple, minmay_temple_entry_butterflies,
          chequers_mini_garden, uniq_natasha
D:5:      layout_cave_pools, elyvilon_altar_1, first_ration, led_xom_imps
D:6:      layout_basic, uniq_crazy_yiuf_cottage
D:7:      gammafunk_the_bubble [the_bubble_gammafunk_roulette], layout_basic,
          yredelemnul_forgotten_temple_becter, grunt_ogre_cave
D:8:      layout_basic, basic_altar
D:9:      layout_stronghold, erik_lair_orcish_takeover, orc_0_dummy,
          gammafunk_ghost_hydra_chop, uniq_harold
Temple:   eino_wide_crystal_templ
Lair:1:   layout_roguey, minivault_19, grunt_megastairs_5, lemuel_fruit_tree,
          lemuel_fruit_fields
Lair:2:   layout_cave_pods, minmay_shoals_entry_centaurs, minmay_hedge_maze,
          minmay_lair_oklob_bushes, beast_lair_carwin_4
Lair:3:   layout_roguey [special_room_bee], infiniplex_staircase_pool,
          grunt_megastairs_1
Lair:4:   layout_loops_ring, minmay_snake_entry_six_corridors,
          hangedman_lair_generics_rect, serial_bayou_shore_a, uniq_kirke
Lair:5:   layout_hall_layers, slime_altar_1, roderic_batcave, uniq_snorg
Lair:6:   evilmike_catoblepas_cave, layout_gridlike

Skill      XL: |  1  2  3  4  5  6  7  8  9 10 11 12 13 |
---------------+----------------------------------------+-----
Conjurations   | 5 6 7 9 10 | 10.0
Spellcasting   | 3 4 5 6 7 8 |  8.9
Hexes          | 1 2 3 4 5 |  5.0
Fighting       | 2 3 4 6 7 8 9 |  9.1
Dodging        | 2 3 4 5 7 |  7.3
Invocations    | 1 3 4 6 8 |  8.4
Translocations | 2 4 5 |  5.0
Polearms       | 1 3 4 |  4.0
Evocations     | 3 5 7 |  7.6
Long Blades    | 3 5 6 |  6.0
Stealth        | |  1.7

Action                   |  1- 3 |  4- 6 |  7- 9 | 10-12 | 13-15 || total
-------------------------+-------+-------+-------+-------+-------++-------
Melee: Unarmed           |     5 |       |       |       |       ||     5
       Tailslap          |    10 |     7 |     4 |    51 |     6 ||    78
       Mace              |    43 |    17 |       |       |       ||    60
       Dagger            |       |    15 |    32 |       |       ||    47
       Halberd           |       |       |    23 |    57 |       ||    80
       Trident           |       |       |       |    10 |       ||    10
       Long sword        |       |       |       |   122 |    20 ||   142
 Cast: Magic Dart        |    75 |   110 |    73 |    21 |       ||   279
       Searing Ray       |     3 |    13 |    23 |    36 |     2 ||    77
       Fulminant Prism   |       |       |    12 |    63 |     4 ||    79
       Force Lance       |       |       |       |     7 |     3 ||    10
       Confusing Touch   |       |       |       |       |     1 ||     1
Invok: Ancestor Life: Kn |       |       |     1 |       |       ||     1
       Recall Ancestor   |       |       |     1 |     1 |       ||     2
       Transference      |       |       |       |     1 |       ||     1
       Idealise          |       |       |       |     3 |       ||     3
 Abil: Breathe Steam     |       |       |    20 |    21 |     2 ||    43
Evoke: Wand              |       |       |       |     1 |       ||     1
  Use: Scroll            |       |     6 |     8 |    13 |       ||    27
 Stab: Sleeping          |     1 |       |       |     5 |       ||     6
       Distracted        |       |       |       |     1 |       ||     1
       Petrifying        |       |       |       |       |     2 ||     2
  Eat: Chunk             |     3 |    11 |    18 |    30 |     3 ||    65
       Ration            |       |       |       |     1 |       ||     1
Armor: Skin              |    28 |    26 |    56 |    78 |     2 ||   190
Dodge: Dodged            |    49 |    41 |    93 |   355 |    37 ||   575
Block: Other             |       |     3 |    23 |    12 |       ||    38
       Reflection        |       |       |     3 |     2 |       ||     5
       Rpst.: Long sword |       |       |       |    81 |    15 ||    96
